 Dungeon Crawl Stone Soup version 0.21-a0-39-g28ea6b7 (webtiles) character file.

78 tilp the Chiller (level 4, -5/30 HPs)
             Began as a Merfolk Ice Elementalist on May 31, 2017.
             Slain by KristoblXynda's ghost (9 damage)
             ... on level 3 of the Dungeon.
             The game lasted 00:08:50 (2085 turns).

tilp the Chiller (Merfolk Ice Elementalist)         Turns: 2085, Time: 00:08:50

Health: -5/30      AC:  2    Str:  8    XL:     4   Next: 36%
Magic:  1/9        EV: 13    Int: 15    God:
Gold:   145        SH:  0    Dex: 14    Spells: 3/9 levels left

rFire    . . .     SeeInvis .   t - +1 short sword (venom)
rCold    . . .     Gourm    .   (no shield)
rNeg     . . .     Faith    .   a - +0 robe
rPois    .         Spirit   .   (no helmet)
rElec    .         Reflect  .   (no cloak)
rCorr    .         Harm     .   (no gloves)
MR       .....                  (no boots)
Stlth    ++........             (no amulet)
Regen    0.1/turn               (no ring)
MPRegen  0.2/turn               (no ring)

@: no status effects
A: change form in water, swift swim, stealthy swim
a: no special abilities


You were on level 3 of the Dungeon.
You were not hungry.

You visited 1 branch of the dungeon, and saw 3 of its levels.

You collected 145 gold pieces.

Inventory:

Hand Weapons
 d - a +0 spear
 i - a +4 whip of electrocution
 t - a +1 short sword of venom (weapon)
Missiles
 h - 54 stones (quivered)
Armour
 a - a +0 robe (worn)
Jewellery
 e - a +2 ring of evasion {unknown}
 q - an uncursed ring of protection from cold {unknown}
Scrolls
 f - 2 scrolls of identify {unknown}
 k - 2 scrolls of remove curse {unknown}
 o - a scroll of teleportation {unknown}
 r - a scroll of noise {unknown}
 s - a scroll of amnesia {unknown}
Potions
 g - 3 potions of curing {unknown}
 l - a potion of heal wounds {unknown}
 n - a potion of brilliance {unknown}
 p - 2 potions of degeneration {unknown}
Books
 b - a book of Frost

   Spells                             Type                      Level
   a - Freeze                         Ice                          1
   b - Throw Frost                    Conjuration/Ice              2
   c - Ozocubu's Armour               Charms/Ice                   3
   d - Throw Icicle                   Conjuration/Ice              4
   e - Summon Ice Beast               Ice/Summoning                4
Comestibles
 c - 3 bread rations
 j - 3 meat rations
 m - 4 chunks of flesh


   Skills:
 + Level 3.0 Dodging
 - Level 2.1 Stealth
 * Level 3.3 Spellcasting
 + Level 0.7 Conjurations
 + Level 4.2 Ice Magic


You had 3 spell levels left.
You knew the following spells:

 Your Spells              Type           Power        Failure   Level  Hunger
a - Freeze                Ice            ###.         3%          1    None
b - Throw Frost           Conj/Ice       ##....       11%         2    ##.....
c - Ozocubu's Armour      Chrm/Ice       #.......     24%         3    ###....


Dungeon Overview and Level Annotations

Branches:
Dungeon (3/15)

Altars:

Annotations:
D:2 1 runed door
D:3 KristoblXynda's ghost, amateur DrSk


Message History

Confirm with . or Enter, or press ? or * to list all spells.
You don't have enough magic to cast that spell.
Unknown command.
You closely miss KristoblXynda's ghost.
KristoblXynda's ghost is severely damaged.
KristoblXynda's ghost closely misses you.
You hit KristoblXynda's ghost but do no damage.
KristoblXynda's ghost is severely damaged.
KristoblXynda's ghost hits you.
You hit KristoblXynda's ghost.
KristoblXynda's ghost is almost destroyed.
KristoblXynda's ghost completely misses you.
You barely miss KristoblXynda's ghost.
KristoblXynda's ghost is almost destroyed.
KristoblXynda's ghost hits you!
* * * LOW HITPOINT WARNING * * *
You closely miss KristoblXynda's ghost.
KristoblXynda's ghost is almost destroyed.
KristoblXynda's ghost hits you!
You die...

........ #..#
#.#.##. #..#
#.##. #.# ....
#.#.. #..
....# #.#.# ..
. ... #.#.#
#.#. #r# #....
#... #W# ###.#
#..# #@# #.#
#..###.# #.#
#.....># #.#
##.##### #.#
#.# ##.# #.#
####### #..#
#.#### #.....#
#.## #....#
####.###.# #.#
####.#
#.....##.###.#


You could see KristoblXynda's ghost and a rat.

Vanquished Creatures
  4 adders (D:2)
  A leopard gecko (D:2)
  7 bats
  A giant cockroach (D:2)
  7 goblins
  2 hobgoblins
  3 jackals (D:2)
  5 frilled lizards
  6 kobolds
  5 rats
41 creatures vanquished.

Notes
Turn   | Place    | Note
-------+----------+-------------------------------------------
     0 | D:1      | tilp the Merfolk Ice Elementalist began the quest for the Orb.
     0 | D:1      | Reached XP level 1. HP: 13/13 MP: 3/3
   224 | D:1      | Reached XP level 2. HP: 17/19 MP: 3/5
   848 | D:2      | Reached XP level 3. HP: 22/24 MP: 2/7
   982 | D:2      | Reached skill level 4 in Ice Magic
  1052 | D:2      | Reached XP level 4. HP: 20/30 MP: 4/8
  1173 | D:2      | Found a runed door.
  1377 | D:2      | Found a faded altar of an unknown god.
  1880 | D:3      | Noticed KristoblXynda's ghost (amateur DrSk)
  1937 | D:2      | Learned a level 2 spell: Throw Frost
  1941 | D:2      | Learned a level 3 spell: Ozocubu's Armour
  2085 | D:3      | Slain by KristoblXynda's ghost

Vault maps used:
D:1:      dpeg_arrival_connections
D:2:      chequers_ecumenical_altar_grove, hangedman_decor_riveting,
          uniq_crazy_yiuf_cottage
D:3:      first_bread, uniq_natasha

Skill      XL: |  1  2  3  4 |
---------------+-------------+-----
Ice Magic      | 4 |  4.2
Spellcasting   | 3 |  3.3
Dodging        | 3 |  3.0
Stealth        | |  2.1
Conjurations   | |  0.7

Action                   |  1- 3 |  4- 6 || total
-------------------------+-------+-------++-------
Melee: Short sword       |    51 |    38 ||    89
Throw: Stone             |     6 |     5 ||    11
 Cast: Freeze            |    18 |    13 ||    31
       Throw Frost       |       |     2 ||     2
 Stab: Sleeping          |     5 |       ||     5
  Eat: Chunk             |     1 |     1 ||     2
       Royal jelly       |       |     1 ||     1
Armor: Robe              |    15 |    12 ||    27
Dodge: Dodged            |    45 |    39 ||    84
